 Dungeon Crawl Stone Soup version 0.29.1-15-g9cfb28693d (webtiles) character file.

Game seed: 2606101734829944561

56 adizb the Shooter (level 3, -1/20 HPs)
             Began as a Deep Elf Hunter on Apr 18, 2023.
             Killed from afar by Sigmund (16 damage)
             ... with a bolt of dispelling energy
             ... on level 2 of the Dungeon.
             The game lasted 00:05:16 (515 turns).

adizb the Shooter (Deep Elf Hunter)                  Turns: 515, Time: 00:05:17

Health: -1/20      AC:  4    Str:  8    XL:     3   Next: 71%
Magic:  5/5        EV: 12    Int: 19    God:
Gold:   67         SH:  0    Dex: 20    Spells: 2/2 levels left

rFire   + . .      SeeInvis .   a - +0 shortbow (freeze)
rCold   . . .      Faith    .   (shield currently unavailable)
rNeg    . . .      Spirit   .   c - +1 leather armour
rPois   .          Reflect  .   (no helmet)
rElec   .          Harm     .   (no cloak)
rCorr   .          Rampage  .   (no gloves)
Will    .....                   (no boots)
Stlth   ++........              d - amulet "Engallar" {rF+ Regen+ Int+6}
HPRegen 0.86/turn               (no ring)
MPRegen 0.09/turn               (no ring)

@: no status effects
A: no striking features
a: no special abilities


You were on level 2 of the Dungeon.
You visited 1 branch of the dungeon, and saw 2 of its levels.

You collected 67 gold pieces.

Inventory:

Hand Weapons
 a - a +0 shortbow of freezing (weapon)
Armour
 c - a +1 leather armour (worn)
Jewellery
 d - the amulet "Engallar" (around neck) {rF+ Regen+ Int+6}
   (You acquired it on level 1 of the Dungeon)

   [amulet of regeneration]

   Int:       It affects your intelligence (+6).
   rF:        It protects you from fire.
   Regen:     It increases your rate of health regeneration.
Scrolls
 b - a scroll of immolation
 f - a scroll of identify
Potions
 e - a potion of flight {unknown}


   Skills:
 - Level 1.5 Fighting
 * Level 6.6 Ranged Weapons
 - Level 2.4 Dodging
 + Level 2.8 Stealth


You had 2 spell levels left.
You didn't know any spells.
Your spell library was empty.

Dungeon Overview and Level Annotations

Branches:
Dungeon (2/15)

Altars:

Annotations:
D:2 Sigmund


Message History

You kill the dart slug!
A kobold comes into view. It is wielding a +0 short sword.
Things that are here:
a +0 dagger; a goblin corpse; a worm corpse You shoot an arrow.
The kobold shouts!
The arrow hits the kobold!
The arrow freezes the kobold.
You kill the kobold!
You hear an angry hiss.
You hear a shout!
Sigmund the Dreaded comes into view.
He is wielding a +0 scythe and carrying a wand of quicksilver (9).
You shoot an arrow. The arrow barely misses Sigmund.
Sigmund zaps a wand.
The bolt of dispelling energy hits you!
Ouch! That really hurt!
* * * LOW HITPOINT WARNING * * *
You are too injured to fight recklessly!
Okay, then.
It was a potion of curing.
You feel better.
The ball python hisses angrily.
You shoot an arrow. The arrow hits the ball python.
The ball python seems to slow down.
The arrow freezes the ball python.
The ball python is severely wounded.
You shoot an arrow.
The arrow barely misses the ball python.
The ball python is no longer moving slowly.
Sigmund hits you from afar with a +0 scythe!
You are too injured to fight recklessly!
Fire: a) +0 shortbow (freeze)
Press: ? - help, Q - select action Shift-Dir - straight line, f/p - ball python
Aim: a ball python (severely wounded, 62% to hit)
You shoot an arrow. The arrow hits the ball python.
The ball python seems to slow down.
The arrow freezes the ball python.
You kill the ball python!
Sigmund casts a spell at you. You resist with some effort.
Sigmund zaps a wand.
The bolt of dispelling energy misses you.
Sigmund zaps a wand.
The bolt of dispelling energy hits you!
Ouch! That really hurt!
You die...

..##.......##.##...
..
..##.......##..#.#
.#
####.......###...#
.. . #########
###@##.# ..
#.)..#.# #.##.....
#.##.#.## #........
#@##.###. #........
#.####.## #.# # #..
###


You could see Sigmund.

Vanquished Creatures
  A worm (D:2)
  3 dart slugs
  4 ball pythons
  5 endoplasms
  3 giant cockroaches
  8 goblins
  2 hobgoblins
  2 jackals (D:1)
  7 kobolds
  A quokka (D:1)
  2 bats (D:1)
  A frilled lizard (D:1)
  4 rats
43 creatures vanquished.

Vanquished Creatures (others)
  3 withered plants (D:1)
3 creatures vanquished.

Grand Total: 46 creatures vanquished

Notes
Turn   | Place    | Note
-------+----------+-------------------------------------------
     0 | D:1      | adizb the Deep Elf Hunter began the quest for the Orb.
     0 | D:1      | Reached XP level 1. HP: 12/12 MP: 3/3
    24 | D:1      | Identified a scroll of acquirement
    24 | D:1      | Acquired the amulet "Engallar" {rF+ Regen+ Int+6}
   156 | D:1      | Reached XP level 2. HP: 16/16 MP: 4/4
   235 | D:1      | Reached skill level 6 in Ranged Weapons
   314 | D:1      | Reached XP level 3. HP: 20/20 MP: 5/5
   359 | D:1      | Found a faded altar of an unknown god.
   401 | D:2      | Noticed an ogre
   501 | D:2      | Noticed Sigmund
   515 | D:2      | Killed from afar by Sigmund

Illustrated notes

Levels and vault maps discovered:
D:1:      psy_arrival_statuary, layout_rooms,
          ebering_ecumenical_altar_petrified, chequers_hall_statues_corner_a,
          corexii_leaking_fountain
D:2:      layout_rooms, basic_altar, minmay_diced_spiral, uniq_sigmund

Skill      XL: |  1  2 |
---------------+-------+-----
Stealth        | 2 |  2.8
Ranged Weapons | 6 |  6.6
Fighting       | |  1.5
Dodging        | |  2.4

Action                   || total
-------------------------++-------
 Fire: Shortbow          ||    96
  Use: Scroll            ||     7
       Potion            ||     1
Armor: Leather armour    ||    16
Dodge: Dodged            ||    24
